 Dungeon Crawl Stone Soup version 0.29.1-15-g9cfb28693d (webtiles) character file.

Game seed: 10598661567208409580

84 GeoRichter the Slasher (level 4, 0/37 HPs)
             Began as a Demonspawn Monk on Apr 3, 2023.
             Was the Champion of Ignis.
             Slain by Crazy Yiuf
             ... wielding a +3 quarterstaff of chaos
              (8 damage)
             ... on level 2 of the Dungeon.
             The game lasted 00:03:56 (2696 turns).

GeoRichter the Slasher (Demonspawn Monk)            Turns: 2696, Time: 00:03:56

Health: 0/37       AC:  8    Str: 11    XL:     4   Next: 23%
Magic:  4/4        EV: 11    Int: 13    God:    Ignis [******]
Gold:   80         SH:  0    Dex: 18    Spells: 3/3 levels left

rFire   + . .      SeeInvis .   a - +0 falchion
rCold   . . .      Faith    .   (no shield)
rNeg    . . .      Spirit   .   s - +0 ring mail
rPois   .          Reflect  .   t - +0 helmet
rElec   .          Harm     .   (no cloak)
rCorr   .          Rampage  .   v - +0 pair of gloves
Will    .....                   b - +0 pair of boots
Stlth   +.........              (no amulet)
HPRegen 0.12/turn               (no ring)
MPRegen 0.09/turn               (no ring)

@: hasted, very quick
A: foul stench 1, big brain 1
a: Renounce Religion, Fiery Armour, Foxfire Swarm, Rising Flame


You were on level 2 of the Dungeon.
You worshipped Ignis.
Ignis was exalted by your worship.
You visited 1 branch of the dungeon, and saw 3 of its levels.

You collected 80 gold pieces.

Inventory:

Hand Weapons
 a - a +0 falchion (weapon)
Missiles
 e - 2 javelins (quivered)
Armour
 b - a +0 pair of boots (worn)
   (You found it on level 2 of the Dungeon)
 s - a +0 ring mail (worn)
   (You found it on level 2 of the Dungeon)
 t - a +0 helmet (worn)
   (You found it on level 2 of the Dungeon)
 v - a +0 pair of gloves (worn)
   (You found it on level 2 of the Dungeon)
 z - a +0 robe
   (You found it on level 2 of the Dungeon)
Jewellery
 x - a ring of positive energy
   (You found it on level 3 of the Dungeon)
 y - a ring of resist corrosion
   (You found it on level 3 of the Dungeon)
Wands
 w - a wand of flame (11)
   (You found it on level 3 of the Dungeon)
Scrolls
 d - 2 scrolls of identify {unknown}
 g - a scroll of butterflies {unknown}
 h - 4 scrolls of teleportation {unknown}
 i - a scroll of acquirement {unknown}
 k - a scroll of summoning {unknown}
 n - 3 scrolls of blinking {unknown}
 o - 3 scrolls of amnesia {unknown}
 q - a scroll of immolation {!r}
 r - a scroll of poison {unknown}
 u - 2 scrolls of noise {unknown}
Potions
 c - a potion of ambrosia
 f - 2 potions of lignification {unknown}
 j - a potion of brilliance {unknown}
 l - 3 potions of curing {unknown}
 m - a potion of mutation {unknown}
 p - a potion of flight {unknown}


   Skills:
 - Level 3.7 Fighting
 - Level 4.0 Long Blades
 - Level 2.6 Dodging
 - Level 1.7 Stealth
 + Level 0.1 Spellcasting
 * Level 0.4 Air Magic


You had 3 spell levels left.
You didn't know any spells.
Your spell library contained the following spells:

 Spells                   Type           Power      Damage    Failure   Level
 Magic Dart               Conj           0%         1d3       58%         1
 Blink                    Tloc           0%         N/A       75%         2
 Searing Ray              Conj           0%         2d4       75%         2
 Frozen Ramparts          Ice            0%         1d1       92%         3
 Airstrike                Air            0%         2d(1-17)  99%         4
 Fulminant Prism          Conj/Hex       0%         3d6       100%        4
 Ice Form                 Ice/Tmut       0%         N/A       100%        4
 Summon Ice Beast         Ice/Summ       0%         N/A       100%        4
 Summon Lightning Spire   Summ/Air       0%         N/A       100%        4
 Lightning Bolt           Conj/Air       0%         1d11      100%        5
 Manifold Assault         Tloc           0%         N/A       100%        5
 Storm Form               Tmut/Air       0%         N/A       100%        7


Dungeon Overview and Level Annotations

Branches:
Dungeon (3/15) Zot: 15278

Altars:
Dithmenos
Ignis

Annotations:
D:2 Crazy Yiuf


Innate Abilities, Weirdness & Mutations

You may rarely emit foul miasma when damaged in melee.
You have an unusually large brain. (Int +2)


Message History

4 stones; a quokka corpse
Found a scroll labelled IBBODERGHUA.
d - 2 scrolls labelled IBBODERGHUA (gained 1)
Found an escape hatch in the floor.
Found 8 gold pieces.
You now have 80 gold pieces (gained 8).
Found a scroll labelled VEID USAXUAF.
o - 3 scrolls labelled VEID USAXUAF (gained 1)
Found 14 gold pieces.
An adder comes into view.
The helpless adder fails to defend itself.
You hit the adder. The adder barely misses you. The adder bites you.
You hit the adder. The adder bites you but does no damage.
You hit the adder but do no damage. The adder barely misses you.
The adder bites you.
You emit a cloud of foul miasma!
You miss the adder.
The adder is engulfed in dark miasma.
The adder is poisoned.
You kill the adder!
Search for what [Enter for "wand", or ? for help]? robe You start putting on your armour.
You continue putting on your +0 pair of gloves. x4
You finish putting on your +0 pair of gloves.
Search for what [Enter for "robe", or ? for help]? robe
There is a stone staircase leading up here.
You climb upwards.
Level annotation: 1 runed translucent door, Crazy Yiuf
There is a stone staircase leading down here.
You see here a +0 robe.
z - a +0 robe You open the door.
Crazy Yiuf shouts!
You hit Crazy Yiuf but do no damage. Crazy Yiuf barely misses you.
You hit Crazy Yiuf. Crazy Yiuf hits you but does no damage.
You feel yourself speed up.
You completely miss Crazy Yiuf. Crazy Yiuf barely misses you.
You hit Crazy Yiuf.
Crazy Yiuf hits you with a +3 quarterstaff of chaos.
Crazy Yiuf burns you.
You closely miss Crazy Yiuf. You hit Crazy Yiuf.
Crazy Yiuf zaps a wand.
The bolt of light hits you!
* * * LOW HITPOINT WARNING * * *
You closely miss Crazy Yiuf.
Crazy Yiuf hits you with a +3 quarterstaff of chaos!
* * * LOW HITPOINT WARNING * * *
You barely miss Crazy Yiuf. Crazy Yiuf completely misses you.
You closely miss Crazy Yiuf.
Crazy Yiuf hits you with a +3 quarterstaff of chaos!
You die...

###..###...#.#.#
#..###.......#
...........#####
####...#.....#
...........#
#####.###.#
...........#
##### #.# #.#
###..###...#
#..)# ###.###.##
# #......<.#
#...# #.........
# ##.......# ...
#.######.# #
#######.# #g#
#.# #.# # #.#
♣♣@♣ #.# #.# #
#.# ♣.♣♣ ###.#
#.# ##########.#
♣♣.♣ #...# #.#
#..........#
♣.♣♣ ##### ##.#
#.##########
♣♣.♣♣ #... #(#
♣...♣♣ #### #..#
#.# ♣....♣ #..#
#..# #.# ##..##
##.######... #.#
####....###
#.........#


You could see Crazy Yiuf.

Vanquished Creatures
  2 adders
  2 dart slugs (D:1)
  5 ball pythons
  7 bats
  An endoplasm (D:1)
  2 giant cockroaches
  5 goblins
  8 hobgoblins
  4 jackals (D:1)
  5 kobolds
  4 quokkas
  2 frilled lizards
  10 rats
57 creatures vanquished.

Notes
Turn   | Place    | Note
-------+----------+-------------------------------------------
     0 | D:1      | GeoRichter the Demonspawn Monk began the quest for the Orb.
     0 | D:1      | Reached XP level 1. HP: 18/18 MP: 1/1
    58 | D:1      | Reached skill level 3 in Long Blades
    67 | D:1      | Gained mutation: You may rarely emit foul miasma when
                  | damaged in melee. [demonic ancestry]
    67 | D:1      | Reached XP level 2. HP: 24/24 MP: 2/2
   718 | D:1      | Reached XP level 3. HP: 26/29 MP: 3/3
  1366 | D:2      | Found a faded altar of an unknown god.
  1377 | D:2      | Prayed at the altar of an unknown god.
  1377 | D:2      | Became a worshipper of Ignis, the Dying Flame
  1377 | D:2      | Reached ****** piety under Ignis
  1731 | D:2      | Found a shadowy altar of Dithmenos.
  1997 | D:2      | Reached skill level 4 in Long Blades
  1997 | D:2      | Gained mutation: You have an unusually large brain. (Int
                  | +2) [demonic ancestry]
  1997 | D:2      | Reached XP level 4. HP: 35/37 MP: 4/4
  2163 | D:2      | Found a runed translucent door.
  2164 | D:2      | Noticed Crazy Yiuf
  2696 | D:2      | Slain by Crazy Yiuf

Illustrated notes

Levels and vault maps discovered:
D:1:      evilmike_arrival_crescent, layout_rooms, nrook_campfire
D:2:      layout_loops_ring, hellmonk_ecumenical_altar_blasted, basic_altar,
          minmay_misc_feat_plants, kennysheep_generic_room_16,
          uniq_crazy_yiuf_cottage
D:3:      layout_basic, chequers_decorated_corner

Skill      XL: |  1  2  3 |
---------------+----------+-----
Long Blades    | 3 4 |  4.0
Fighting       | |  3.7
Dodging        | |  2.6
Stealth        | |  1.7
Spellcasting   | |  0.1
Air Magic      | |  0.4

Action                   |  1- 3 |  4- 6 || total
-------------------------+-------+-------++-------
Melee: Falchion          |   159 |    27 ||   186
       Punch             |     1 |       ||     1
Throw: Javelin           |     2 |       ||     2
 Stab: Sleeping          |     4 |     2 ||     6
Armor: Robe              |    29 |       ||    29
       Ring mail         |    22 |     6 ||    28
Dodge: Dodged            |   130 |    15 ||   145
